 Dungeon Crawl Stone Soup version 0.29.1-2-gbd0b4ee654 (console) character file.

Game seed: 6329779928783334973

236 om the Poker (level 6, 0/70 HPs)
             Began as a Merfolk Abyssal Knight on Nov 3, 2022.
             Was a Priest of Lugonu.
             Slain by a gnoll sergeant
             ... wielding a +0 spear of flaming
              (4 damage)
             ... on level 5 of the Dungeon.
             The game lasted 00:05:11 (4053 turns).

om the Poker (Merfolk Abyssal Knight)               Turns: 4053, Time: 00:05:11

Health: 0/70       AC: 23    Str: 15    XL:     6   Next: 6%
Magic:  8/8        EV:  2    Int:  9    God:    Lugonu [***...]
Gold:   144        SH:  0    Dex: 15    Spells: 5/5 levels left

rFire   . . .      SeeInvis .   a - +2 spear (freeze)
rCold   . . .      Faith    .   (no shield)
rNeg    . . .      Spirit   .   (body armour currently unavailable)
rPois   +          Reflect  .   (helmet currently unavailable)
rElec   .          Harm     .   (cloak currently unavailable)
rCorr   .          Rampage  .   (gloves currently unavailable)
Will    .....      NoTele   +   (boots currently unavailable)
Stlth   +.........              (no amulet)
HPRegen 0.21/turn               g - +4 ring of evasion
MPRegen 0.11/turn               (no ring)

@: tree-form
A: stationary, stasis, torment immunity, boosted hp, (nimble swimmer 2),
(mertail)
a: Renounce Religion, Depart the Abyss, Bend Space, Banish


You were on level 5 of the Dungeon.
You worshipped Lugonu.
Lugonu was most pleased with you.
You were a tree.
You visited 1 branch of the dungeon, and saw 5 of its levels.
You visited the Abyss 1 time.

You collected 144 gold pieces.

Inventory:

Hand Weapons
 a - a +2 spear of freezing (weapon)
Armour
 b - a +0 leather armour (melded)
 h - a scarf of resistance (melded)
Jewellery
 d - a ring of magical power
 g - a +4 ring of evasion (left branch)
Wands
 k - a wand of charming (8)
Scrolls
 j - a scroll of identify {unknown}
 l - a scroll of enchant weapon
 n - a scroll of magic mapping {unknown}
 o - a scroll of noise {unknown}
 p - a scroll of butterflies
 q - a scroll of summoning {unknown}
 s - 2 scrolls of immolation {unknown}
Potions
 c - 2 potions of curing
 e - a potion of magic {unknown}
 f - a potion of invisibility {unknown}
 i - a potion of lignification
 m - a potion of attraction {unknown}
 r - a potion of might {unknown}


   Skills:
 - Level 3.2 Fighting
 * Level 7.5 Polearms
 - Level 0.6 Armour
 - Level 2.6 Dodging
 + Level 3.1 Invocations


You had 5 spell levels left.
You didn't know any spells.
Your spell library contained the following spells:

 Spells                   Type           Power      Damage    Failure   Level
 Fireball                 Conj/Fire      0%         3d3       100%        5
 Starburst                Conj/Fire      0%         6d3       100%        6
 Ignition                 Fire           0%         3d3       100%        8


Dungeon Overview and Level Annotations

Branches:
Dungeon (5/15)
 Temple: D:4-7

Altars:

Shops:
D:4 (   D:5 :

Annotations:
D:4 exclusion: ice beast


Innate Abilities, Weirdness & Mutations

You are a tree.
Your roots penetrate the ground, keeping you stationary.
You cannot be teleported.
You are immune to unholy pain and torment.
Your maximum health is greatly increased.
Your equipment is partially melded.
((You are very nimble when in or above water. (Stealth+, EV+, Speed+++)))
((Your lower body shifts to a powerful aquatic tail in water.))


Message History

The gnoll sergeant hits you from afar with a +0 spear of flaming.
The gnoll sergeant burns you.
You are too injured to fight recklessly!
You are too injured to fight recklessly!
Reach: a) +2 spear (freeze)
Press: ? - help, Dir - move target, f/p - gnoll sergeant
Aim: a gnoll sergeant, wielding a +0 spear of flaming and wearing a +0 ring mail (moderately wounded, about 27% to evade your +2 spear of freezing)
You reach to attack!
You hit the gnoll sergeant but do no damage.
The gnoll sergeant is moderately wounded.
The gnoll sergeant hits you from afar with a +0 spear of flaming!
* * * LOW HITPOINT WARNING * * *
The gnoll sergeant burns you.
* * * LOW HITPOINT WARNING * * *
Reach: a) +2 spear (freeze)
Press: ? - help, Dir - move target, f/p - gnoll sergeant
Aim: a gnoll sergeant, wielding a +0 spear of flaming and wearing a +0 ring mail (moderately wounded, about 27% to evade your +2 spear of freezing)
You reach to attack!
You hit the gnoll sergeant but do no damage.
The gnoll sergeant is moderately wounded.
Okay, then.
Okay, then.
It was a potion of lignification.
You turn into a tree.
Your scarf of resistance melds into your body.
Your +0 leather armour melds into your body.
You feel hot and cold all over.
Your roots penetrate the ground.
The gnoll sergeant hits you from afar with a +0 spear of flaming.
* * * LOW HITPOINT WARNING * * *
The gnoll sergeant burns you.
* * * LOW HITPOINT WARNING * * *
You swing at nothing.
The gnoll sergeant hits you but does no damage.
You swing at nothing.
The gnoll sergeant hits you from afar with a +0 spear of flaming.
* * * LOW HITPOINT WARNING * * *
The gnoll sergeant burns you.
* * * LOW HITPOINT WARNING * * *
You swing at nothing.
The gnoll sergeant hits you from afar with a +0 spear of flaming.
You die...

##..##'###..###.
#...............
#...............
#...∩).......... ..
#......##..###.. ...
#......##..##### #<. ####
#####.##..##..#....
#..##..###.#...##..##..#....
#...#....g.♣.......'...+....
#...'..............##..##...
#.###..###.######..##..#####
##..###'######..##..##.
#.....#..............>...
#.))..#.............>.. .
##...####.##..########. #
#...####.##b.########.##
..............#........#


You could see a gnoll sergeant.

Vanquished Creatures
  A scorpion (D:5)
  A hound (D:5)
  An iguana (D:5)
  3 gnolls (D:5)
  2 adders
  2 worms
  A dart slug (D:1)
  2 orcs
  3 ball pythons
  9 endoplasms
  A giant cockroach (D:1)
  6 goblins
  9 hobgoblins
  3 jackals (D:1)
  3 quokkas
  A bat (D:1)
  2 frilled lizards
  7 kobolds
  6 rats
63 creatures vanquished.

Notes
Turn   | Place    | Note
-------+----------+-------------------------------------------
     0 | Abyss:1  | om the Merfolk Abyssal Knight began the quest for the Orb.
     0 | Abyss:1  | Reached XP level 1. HP: 18/18 MP: 2/2
     1 | D:1      | Escaped the Abyss
   165 | D:1      | Reached skill level 3 in Polearms
   181 | D:1      | Reached XP level 2. HP: 23/24 MP: 3/3
   387 | D:1      | Reached skill level 4 in Polearms
   768 | D:1      | Reached XP level 3. HP: 29/29 MP: 4/4
   775 | D:1      | Reached *** piety under Lugonu
  1152 | D:2      | Found a faded altar of an unknown god.
  1496 | D:2      | Reached skill level 5 in Polearms
  2479 | D:3      | Reached XP level 4. HP: 35/35 MP: 5/5
  3192 | D:4      | Found Giamowabb's Weapon Shop.
  3205 | D:4      | Reached skill level 6 in Polearms
  3355 | D:4      | Noticed an ice beast
  3390 | D:5      | Entered Level 5 of the Dungeon
  3421 | D:5      | Identified the +0 scale mail of Kindness {Rampage Fly
                  | Slay-5}
  3540 | D:5      | Reached XP level 5. HP: 41/41 MP: 6/6
  3581 | D:5      | Reached skill level 7 in Polearms
  3682 | D:5      | Found Jeerric's Book Shoppe.
  4035 | D:5      | Reached XP level 6. HP: 47/47 MP: 8/8
  4053 | D:5      | Slain by a gnoll sergeant

Illustrated notes

Levels and vault maps discovered:
D:1:      dpeg_arrival_pits, layout_loops_corners
D:2:      layout_basic, basic_ecumenical_altar
D:3:      corexii_shack_village, layout_basic
D:4:      layout_basic, serial_shops, nicolae_shop_statue_plus
D:5:      layout_gridville, serial_shops, shop

Skill      XL: |  1  2  3  4  5 |
---------------+----------------+-----
Polearms       | 3 4 5 6 7 |  7.5
Invocations    | 3 |  3.1
Fighting       | |  3.2
Armour         | |  0.6
Dodging        | |  2.6

Action                   |  1- 3 |  4- 6 || total
-------------------------+-------+-------++-------
Melee: Spear             |   105 |    75 ||   180
       Punch             |     1 |       ||     1
  Use: Scroll            |     2 |     4 ||     6
       Potion            |       |     2 ||     2
 Stab: Sleeping          |     2 |     6 ||     8
Armor: Leather armour    |    11 |     3 ||    14
       Skin              |       |     1 ||     1
Dodge: Dodged            |    45 |    27 ||    72
